 Dungeon Crawl Stone Soup version 0.23-a0-321-g6bcb69f (webtiles) character file.

50 iamserjio the Digger (level 3, 0/19 HPs)
             Began as a Deep Elf Earth Elementalist on Oct 15, 2018.
             Slain by a jackal (2 damage)
             ... on level 1 of the Dungeon.
             The game lasted 00:03:24 (1327 turns).

iamserjio the Digger (Deep Elf Earth Elementalist)  Turns: 1327, Time: 00:03:24

Health: 0/19       AC:  2    Str: 10    XL:     3   Next: 55%
Magic:  1/10       EV: 13    Int: 20    God:
Gold:   45         SH:  0    Dex: 15    Spells: 5/9 levels left

rFire    . . .     SeeInvis .   e - +0 dagger
rCold    . . .     Gourm    .   (no shield)
rNeg     . . .     Faith    .   c - +0 robe
rPois    .         Spirit   .   (no helmet)
rElec    .         Reflect  .   (no cloak)
rCorr    .         Harm     .   (no gloves)
MR       .....                  (no boots)
Stlth    ++........             (no amulet)
HPRegen  0.06/turn              (no ring)
MPRegen  0.12/turn              (no ring)

@: mighty, flying, very slightly contaminated
A: no striking features
a: no special abilities


You were on level 1 of the Dungeon.
You were hungry.

You visited 1 branch of the dungeon, and saw 2 of its levels.

You collected 45 gold pieces.

Inventory:

Hand Weapons
 a - a +0 hand axe
 e - a +0 dagger (weapon)
Armour
 c - a +0 robe (worn)
Scrolls
 h - a scroll of noise {unknown}
 i - a scroll of remove curse {unknown}
Potions
 j - a potion of heal wounds {unknown}
Comestibles
 d - 2 rations


   Skills:
 + Level 3.1 Dodging
 - Level 2.4 Stealth
 + Level 3.7 Spellcasting
   Level 1.1 Transmutations
 * Level 4.3 Earth Magic


You had 5 spell levels left.
You knew the following spells:

 Your Spells              Type           Power        Failure   Level  Hunger
a - Sandblast             Erth           ###...       2%          1    None
b - Stone Arrow           Conj/Erth      ##....       16%         3    ###....

Your spell library contained the following spells:

 Spells                   Type           Power        Failure   Level  Hunger
 Passwall                 Tmut/Erth      ##......     7%          2    ##.....
 Petrify                  Tmut/Erth      ##......     41%         4    ####...
 Lee's Rapid Deconstruct  Erth           ###.......   52%         5    ######.


Dungeon Overview and Level Annotations

Branches:
Dungeon (2/15)

Altars:
Nemelex Xobeh


Message History

You barely miss the jackal.
The jackal bites you but does no damage.
The jackal closely misses you.
You aren't carrying any items that you can evoke.
Unknown command.
You closely miss the jackal. The jackal closely misses you.
You hit the jackal but do no damage. The jackal bites you.
* * * LOW HITPOINT WARNING * * *
It was a potion of flight.
You feel very buoyant.
You fly up into the air.
The jackal completely misses you. The jackal barely misses you.
It was a potion of might.
You feel very mighty all of a sudden. The jackal bites you.
* * * LOW HITPOINT WARNING * * *
You closely miss the jackal. The jackal misses you.
The jackal bites you but does no damage.
You hit the jackal but do no damage. The jackal bites you.
You die...

#.....# ##.# ##########.#
........##.# #######.##.#
≈≈≈≈≈§#.##.## .≈≈≈§§#.##..#
....≈§#.###.##
≈≈..§§#.###..####################
.≈≈.§≈#.........@h†>.............
≈≈...§######..####.##############
....≈≈# ##.# #.# .≈§§§≈# #.# #.#
≈§≈§≈≈# #.# #.# ####### #.# #.#
#.####.## #.......# #.......#


You could see a jackal.

Vanquished Creatures
  An adder (D:1)
  A worm (D:1)
  2 dart slugs
  A leopard gecko (D:1)
  7 bats
  4 goblins
  A hobgoblin (D:1)
  5 jackals
  4 kobolds (D:1)
  A frilled lizard (D:1)
  4 rats
31 creatures vanquished.

Notes
Turn   | Place    | Note
-------+----------+-------------------------------------------
     0 | D:1      | iamserjio the Deep Elf Earth Elementalist began the quest
                  | for the Orb.
     0 | D:1      | Reached XP level 1. HP: 10/10 MP: 6/6
   380 | D:1      | Reached XP level 2. HP: 15/15 MP: 8/8
   835 | D:1      | Reached skill level 4 in Earth Magic
   969 | D:2      | Found a sparkling altar of Nemelex Xobeh.
   987 | D:1      | Reached XP level 3. HP: 10/19 MP: 6/10
  1113 | D:1      | Learned a level 3 spell: Stone Arrow
  1327 | D:1      | Slain by a jackal

Vault maps used:
D:1:      dpeg_arrival_shrine
D:2:      nicolae_overflow_crystal_walls, nemelex_xobeh_ov_fountains_minmay,
          first_ration, minmay_pentomino_z4, uniq_sigmund, uniq_jessica

Skill      XL: |  1  2  3 |
---------------+----------+-----
Earth Magic    | 4 |  4.3
Dodging        | 3 |  3.1
Stealth        | |  2.4
Spellcasting   | |  3.7
Transmutations | |  1.1

Action                   || total
-------------------------++-------
Melee: Dagger            ||    40
       Unarmed           ||     2
       Hand axe          ||     1
 Cast: Sandblast         ||    32
       Stone Arrow       ||     9
  Use: Potion            ||     2
 Stab: Sleeping          ||     2
  Eat: Chunk             ||     1
Armor: Robe              ||    16
Dodge: Dodged            ||    85

Table legend:
 A = Non-vault XP
 B = Vault XP
 C = Vault XP percentage of total XP
 D = Non-vault monster count
 E = Vault monster count
 F = Vault count percentage of total count
                 A         B        C        D         E       F
            +---------+---------+-------+---------+---------+-------
      Total |      72 |       0 |   0.0 |      31 |       0 |   0.0
            +---------+---------+-------+---------+---------+-------
        D:1 |      55 |       0 |   0.0 |      23 |       0 |   0.0
        D:2 |      17 |       0 |   0.0 |       8 |       0 |   0.0
            +---------+---------+-------+---------+---------+-------
